 Dungeon Crawl Stone Soup version 0.30.1-11-g7821555f0a (webtiles) character file.

Game seed: 8952944451448477207

54 porpoise the Sneak (level 3, -1/32 HPs)
             Began as an Armataur Brigand on Dec 8, 2023.
             Slain by an orc
             ... wielding a +0 flail
              (2 damage)
             ... on level 3 of the Dungeon.
             The game lasted 00:07:46 (2100 turns).

porpoise the Sneak (Armataur Brigand)               Turns: 2100, Time: 00:07:47

Health: -1/32      AC:  8    Str: 18    XL:     3   Next: 66%
Magic:  3/3        EV:  9    Int: 11    God:
Gold:   142        SH:  0    Dex: 11    Spells: 2/2 levels left

rFire   . . .        a - +2 dagger
rCold   . . .        (no shield)
rNeg    . . .        s - +3 leather armour
rPois   .            (no helmet)
rElec   .            c - +0 cloak
rCorr   +            (no gloves)
SInv    .            (no barding)
Will    .....        (no amulet)
Stlth   ++           n - ring of resist corrosion
HPRegen 0.25/turn    (no ring)
MPRegen 0.08/turn

%: roll
@: no status effects
A: large, rugged brown scales 3, deformed body, armoured tail, roll, long
tongue, awkward tongue
a: no special abilities


You were on level 3 of the Dungeon.
You visited 1 branch of the dungeon, and saw 3 of its levels.

You collected 142 gold pieces.

Inventory:

Hand Weapons
 a - a +2 dagger (weapon)
Missiles
 e - 7 curare-tipped darts (quivered)
Armour
 c - a +0 cloak (worn)
 s - a +3 leather armour (worn)
Jewellery
 n - a ring of resist corrosion (left hand)
Wands
 p - a wand of polymorph (12)
Scrolls
 f - a scroll of noise
 h - 2 scrolls of magic mapping
 m - a scroll of teleportation
 r - a scroll of poison {unknown}
Potions
 b - 4 potions of lignification
 g - 4 potions of curing
 i - a potion of attraction
 j - a potion of invisibility {unknown}
 k - a potion of degeneration {unknown}
 l - a potion of ambrosia {unknown}
 o - 3 potions of haste {unknown}
 q - a potion of berserk rage {unknown}
 t - 3 potions of heal wounds {unknown}


   Skills:
 * Level 2.7 Fighting
 * Level 2.6 Short Blades
 - Level 1.7 Throwing
 - Level 0.6 Dodging
 + Level 4.7 Stealth


You had 2 spell levels left.
You didn't know any spells.
Your spell library was empty.

Dungeon Overview and Level Annotations

Branches:
Dungeon (3/15)

Altars:

Shops:
D:1 [

Annotations:
D:2 1 runed translucent door, Crazy Yiuf


Innate Abilities, Weirdness & Mutations

You are completely covered in rugged brown scales. (AC +3, +7% HP)
Armour fits poorly on your strangely shaped body.
You have a long armoured tail.
You roll when moving toward enemies. (Rampage)
Your long tongue fully drains potion bottles. (2x potion effects)
Your tongue gives you trouble enunciating. (1.5x scroll delay)


Message History

You throw a poisoned dart. The poisoned dart hits the bat.
The bat looks even sicker.
The bat is severely wounded.
You kill the bat!
The orc priest looks more healthy.
Throw: 3 darts (poison)
Press: ? - help, Q - select action, (/) - cycle Shift-Dir - straight line, f/p - orc priest
Aim: an orc priest, wielding a +0 dagger (severely wounded, 56% to hit)
You throw a poisoned dart.
The poisoned dart closely misses the orc.
The poisoned dart hits the orc.
The orc is poisoned.
The orc looks more healthy.
The orc hits you with a +0 flail.
Throw: 2 darts (poison)
Press: ? - help, Q - select action, (/) - cycle Shift-Dir - straight line, f/p - orc priest
Aim: an orc priest, wielding a +0 dagger (severely wounded, 56% to hit)
You throw a poisoned dart.
The poisoned dart barely misses the orc.
The poisoned dart barely misses the orc.
The poisoned dart barely misses the orc priest.
The orc hits you but does no damage.
Throw: dart (poison)
Press: ? - help, Q - select action, (/) - cycle Shift-Dir - straight line, f/p - orc priest
Aim: an orc priest, wielding a +0 dagger (severely wounded, 56% to hit)
You throw a poisoned dart. The poisoned dart hits the orc.
The orc is poisoned.
The orc is heavily wounded.
The orc hits you but does no damage.
Throw: 8 darts (curare)
Press: ? - help, Q - select action, (/) - cycle Shift-Dir - straight line, f/p - orc priest
Aim: an orc priest, wielding a +0 dagger (severely wounded, 56% to hit)
You throw a curare-tipped dart.
The curare-tipped dart completely misses the orc.
The curare-tipped dart hits the orc.
The orc looks even sicker.
The orc convulses.
You kill the orc!
The orc hits you with a +0 flail.
The orc priest invokes the aid of Beogh against you.
Beogh smites you!
* * * LOW HITPOINT WARNING * * *
The orc attacks as you move away! The orc hits you with a +0 flail.
You die...

......#.....#.# #.....##
......#.....#.# #...###
#.....###.##.# #...#
###...#.##.###...#####
###.................
#..###...##.###### .. #.##
###........## #####. #.#
#.......... ...... #@#
##.......... ......# #o#
#..........# .......##(#
#.##..#....#
.......#wo#####.......##.#
........w#.......#..####..
.w..w......##.####.## #..
.(ow..........# # #..
o.....######### #.. ......
###


You could see a worm, an orc priest, a dart slug and an orc (poisoned).

Vanquished Creatures
  2 dart slugs (D:3)
  An orc (D:3)
  4 endoplasms (D:1)
  A giant cockroach (D:1)
  6 goblins
  4 hobgoblins
  3 jackals (D:1)
  4 quokkas
  4 ball pythons
  4 bats
  5 frilled lizards
  5 kobolds
  A rat (D:2)
44 creatures vanquished.

Notes
Turn   | Place    | Note
-------+----------+-------------------------------------------
     0 | D:1      | porpoise the Armataur Brigand began the quest for the Orb.
     0 | D:1      | Reached XP level 1. HP: 18/18 MP: 1/1
   145 | D:1      | Found a faded altar of an unknown god.
   171 | D:1      | Found Qanaureadu's Armour Shoppe.
   337 | D:1      | Reached XP level 2. HP: 20/25 MP: 2/2
   677 | D:1      | Reached XP level 3. HP: 29/32 MP: 3/3
  1139 | D:2      | Found a runed translucent door.
  1140 | D:2      | Noticed Crazy Yiuf
  2099 | D:3      | HP: 1/32 [orc priest/divine providence (10)]
  2100 | D:3      | Slain by an orc

Illustrated notes

Levels and vault maps discovered:
D:1:      saegor_arrival_under_anarchy, layout_loops_ring,
          hellmonk_ecumenical_altar_arch_garden, serial_shops, shop,
          minmay_misc_feat_secret_circle, minmay_hexomino_p4
D:2:      layout_basic, uniq_crazy_yiuf_cottage
D:3:      layout_rooms, general_overflow_altar

Skill      XL: |  1 |
---------------+----+-----
Fighting       | 2 |  2.7
Short Blades   | 2 |  2.6
Throwing       | |  1.7
Dodging        | |  0.6
Stealth        | |  4.7

Action                     || total
---------------------------++-------
  Melee: Dagger            ||   143
         Tailslap          ||    16
         Punch             ||     1
  Throw: Dart              ||    14
    Use: Scroll            ||     6
   Stab: Sleeping          ||    10
 Armour: Robe              ||    49
         Leather armour    ||    18
  Dodge: Dodged            ||    52
